 Dungeon Crawl Stone Soup version 0.29.0-4-gdea44cf6ec (webtiles) character file.

Game seed: 15434061831111424441

40 qw the Chopper (level 3, 0/29 HPs)
             Began as a Barachi Chaos Knight on Sept 5, 2022.
             Succumbed to their own poison gas
             ... on level 1 of the Dungeon.
             The game lasted 00:00:32 (929 turns).

qw the Chopper (Barachi Chaos Knight)                Turns: 929, Time: 00:00:33

Health: 0/29       AC:  8    Str: 15    XL:     3   Next: 50%
Magic:  3/3        EV:  6    Int: 12    God:
Gold:   56         SH:  0    Dex: 11    Spells: 2/2 levels left

rFire   . . .      SeeInvis .   Y - +0 hand axe (chaos)
rCold   . . .      Faith    .   (no shield)
rNeg    . . .      Spirit   .   m - +0 chain mail
rPois   .          Reflect  .   (no helmet)
rElec   .          Harm     .   (no cloak)
rCorr   .          Rampage  .   (no gloves)
Will    +....                   (no boots)
Stlth   ..........              (no amulet)
HPRegen 0.09/turn               k - ring of willpower
MPRegen 0.08/turn               (no ring)

@: lethally poisoned (0 -> -1), slow
A: amphibious, slowness 1, strong legs 1, +LOS
a: Hop


You were on level 1 of the Dungeon.
You visited 1 branch of the dungeon, and saw 1 of its levels.

You collected 56 gold pieces.


Innate Abilities, Weirdness & Mutations

You are amphibious.
You cover ground slowly.
You can hop short distances.
You have an extended range of vision and can be seen from far away.


   Skills:
 - Level 3.6 Fighting
 + Level 4.9 Axes
 - Level 2.4 Armour
 - Level 1.1 Dodging


You had 2 spell levels left.
You didn't know any spells.
Your spell library was empty.

Inventory:

Hand Weapons
 j - a +0 club
 Y - a +0 hand axe of chaos (weapon)
Missiles
 h - 4 boomerangs (quivered)
Armour
 m - a +0 chain mail (worn)
Jewellery
 k - a ring of willpower (left hand)
 n - a ring of fire
Scrolls
 i - a scroll of identify
Potions
 d - a potion of flight {unknown}
 f - a potion of brilliance {unknown}
 p - a potion of might {unknown}
 q - a potion of curing {unknown}
Miscellaneous
 c - a piece from Xom's chessboard (15/15)

Dungeon Overview and Level Annotations

Branches:
Dungeon (1/15)

Altars:


Message History

917 ||| READING scroll labelled NOPLIBEVAH.
As you read the scroll labelled NOPLIBEVAH, it crumbles to dust.
The air around you briefly surges with heat, but it dissipates.
It was a scroll of immolation.
Done exploring.
918 ||| DROPPING scroll of magic mapping.
You drop a scroll of magic mapping.
Done exploring.
(D) Dungeon
Where to? (* - list waypoints, ? - help)
What level of the Dungeon? (default 1, ? - help) Sorry, I don't know how to get there.
Done exploring.
919 ||| Stepping randomly (stuck).
Really walk into that cloud of poison gas?
You are engulfed in poison gas.
You are poisoned.
You feel very sick.
920 ||| Stepping ~*~*~tactically~*~*~ (cloud).
You feel very sick.
Things that are here:
a scroll of magic mapping; a +2 leather armour
There is a lethal amount of poison in your body!
You feel very sick.
There is a lethal amount of poison in your body!
You feel sick.
There is a lethal amount of poison in your body!
You feel sick.
There is a lethal amount of poison in your body!
You feel sick.
There is a lethal amount of poison in your body!
You feel sick.
There is a lethal amount of poison in your body!
You feel sick.
There is a lethal amount of poison in your body!
You feel sick.
There is a lethal amount of poison in your body!
You feel sick.
There is a lethal amount of poison in your body!
You die...
Xom snickers!

7...%.............###....#.......
7......##.....###..#..#..........
7.#.#####............###...######
7.#.# #..########...# ###...####
7.#.# #..# ##..### ###...## 7.#)#
#..##########...# ##...# ..#.#
#####.##08###.### ###...## ....#
###.^.##0_##.#.###...#### #####
##8..#..[@8##...#...### #
#...##%0.#0##...###...####
#.8##########...# ###...## #.##
### ##....# ##...# #.## #.#
#.....# ###...##
#..####.###.#...###...###
#.........#.#...#...######
#.........#.#.............
#.........................


There were no monsters in sight!

Vanquished Creatures
  A dart slug (D:1)
  An endoplasm (D:1)
  2 goblins (D:1)
  2 hobgoblins (D:1)
  8 jackals (D:1)
  4 quokkas (D:1)
  5 ball pythons (D:1)
  4 bats (D:1)
  A frilled lizard (D:1)
  3 kobolds (D:1)
  A rat (D:1)
32 creatures vanquished.

Notes
Turn   | Place    | Note
-------+----------+-------------------------------------------
     0 | D:1      | qw the Barachi Chaos Knight began the quest for the Orb.
     0 | D:1      | Reached XP level 1. HP: 18/18 MP: 1/1
     0 | D:1      | 0 ||| qw: Version: 0.1-a-104-g96f76f8
     0 | D:1      | 0 ||| qw: Game counter: 5937
     0 | D:1      | 0 ||| qw: Always use a shield: true
     0 | D:1      | 0 ||| qw: God list: Okawaru
     0 | D:1      | 0 ||| qw: Allow faded altars: false
     0 | D:1      | 0 ||| qw: Do Orc after D:15 true
     0 | D:1      | 0 ||| qw: Do second Lair branch before Depths: true
     0 | D:1      | 0 ||| qw: Lair rune preference: random
     0 | D:1      | 0 ||| qw: Plans: Normal
     0 | D:1      | 0 ||| PLANNING D:1-11
     0 | D:1      | Fell from the grace of Xom
    25 | D:1      | 25 ||| Stepping ~*~*~tactically~*~*~ (stealth).
    26 | D:1      | 26 ||| Stepping ~*~*~tactically~*~*~ (stealth).
    28 | D:1      | 28 ||| Stepping ~*~*~tactically~*~*~ (stealth).
    50 | D:1      | 50 ||| Stepping ~*~*~tactically~*~*~ (stealth).
    57 | D:1      | 57 ||| Stepping ~*~*~tactically~*~*~ (stealth).
    59 | D:1      | 59 ||| Stepping ~*~*~tactically~*~*~ (stealth).
   201 | D:1      | Reached XP level 2. HP: 23/24 MP: 2/2
   243 | D:1      | Reached skill level 4 in Axes
   407 | D:1      | Reached XP level 3. HP: 24/29 MP: 3/3
   441 | D:1      | XOM: 4-stop teleportation journey
   547 | D:1      | 547 ||| Stepping ~*~*~tactically~*~*~ (stealth).
   560 | D:1      | 560 ||| Stepping ~*~*~tactically~*~*~ (stealth).
   893 | D:1      | Found a faded altar of an unknown god.
   901 | D:1      | 901 ||| UPGRADING to +0 chain mail.
   911 | D:1      | 911 ||| DROPPING +2 leather armour.
   912 | D:1      | 912 ||| UPGRADING to ring of willpower.
   913 | D:1      | 913 ||| READING scroll labelled UTSYPHI XYGO.
   914 | D:1      | 914 ||| READING scroll labelled YLEISO ORCHIME.
   915 | D:1      | 915 ||| READING 2 scrolls labelled ELEM ROADOUNG.
   916 | D:1      | 916 ||| READING 2 scrolls labelled LIYRPH HIQEDGH.
   917 | D:1      | 917 ||| READING scroll labelled NOPLIBEVAH.
   918 | D:1      | 918 ||| DROPPING scroll of magic mapping.
   919 | D:1      | 919 ||| Stepping randomly (stuck).
   920 | D:1      | 920 ||| Stepping ~*~*~tactically~*~*~ (cloud).
   922 | D:1      | HP: 7/29 [poisoned by you (poison gas)]
   926 | D:1      | HP: 3/29 [poisoned by you (poison gas)]
   928 | D:1      | HP: 1/29 [poisoned by you (poison gas)]
   929 | D:1      | Succumbed to their own poison gas

Levels and vault maps discovered:
D:1:      dreamdust_arrival_sigmund_warning, layout_rooms,
          shapermc_ecumenical_altar_petra, serial_curves, eino_curves_01,
          eino_curves_01, eino_curves_03, nrook_campfire

Skill      XL: |  1  2 |
---------------+-------+-----
Axes           | 4 |  4.9
Fighting       | |  3.6
Armour         | |  2.4
Dodging        | |  1.1

Action                   || total
-------------------------++-------
Melee: Hand axe          ||    77
Throw: Boomerang         ||    21
Invok: Renounce Religion ||     1
  Use: Scroll            ||     5
Armor: Leather armour    ||    25
Dodge: Dodged            ||    57

Table legend:
 A = Non-vault XP
 B = Vault XP
 C = Vault XP percentage of total XP
 D = Non-vault monster count
 E = Vault monster count
 F = Vault count percentage of total count
                 A         B        C        D         E       F
            +---------+---------+-------+---------+---------+-------
      Total |      58 |       0 |   0.0 |      32 |       0 |   0.0
            +---------+---------+-------+---------+---------+-------
        D:1 |      58 |       0 |   0.0 |      32 |       0 |   0.0
            +---------+---------+-------+---------+---------+-------
